AoeStats
← Ken

Arena

509860353Analyzed
4v4 RM · 3d ago on Sep 28, 2026· 51m 54s· 8 players
Game mode
Random Map
Map size
Large (8 player)
Population
200
Speed
Normal
Resources
Standard
Victory
Conquest
Starting age
Dark Age
Ending age
Imperial Age
RankedLock teamsTeams togetherTeam positionsShared explorationLock speedFull tech treeHidden civsTurbo modeCheats
Victory
Defeat
🇹🇼 Goths · Taiwan
1030
+14
🇨🇳 Koreans · China
1027
+14
🇨🇳 Franks · China
991
+15
🇮🇳 Bohemians · India
988
+16
🇨🇿 Spanish · Czechia
1033
-18
🇫🇷 Mongols · France
995
-15
🇨🇳 Mongols · China
951
-13
🇫🇷 Teutons · France
945
-13
Ken
10:48 Feudal Age
15:51 Castle Age
14:08 Double-Bit Axe
17:14 Bow Saw
18:09 Loom
22:50 Wheelbarrow
27:02 Hand Cart
31:19 Imperial Age
29:24 Husbandry
29:31 Scale Barding Armor
29:37 Forging
30:06 Gold Mining
30:38 Chain Barding Armor
30:03 Treadmill Crane
30:43 Ballistics
32:26 Iron Casting
33:31 Plate Barding Armor
32:17 Cavalier
34:29 Blast Furnace
33:54 Murder Holes
35:00 Conscription
34:35 Paladin
35:27 Scale Mail Armor
36:15 Gold Shaft Mining
35:31 Stone Mining
37:07 Chivalry
37:00 Fletching
37:11 Padded Archer Armor
37:26 Chain Mail Armor
38:21 Chemistry
38:46 Leather Archer Armor
38:48 Squires
38:08 Pikeman
41:04 Bodkin Arrow
40:56 Ordonnance Companies
43:46 Plate Mail Armor
42:38 Elite Throwing Axeman
43:24 Caravan
deankuo
11:32 Feudal Age
15:53 Castle Age
14:00 Double-Bit Axe
13:59 Horse Collar
16:05 Man-at-Arms
17:31 Wheelbarrow
22:36 Gold Mining
23:45 Loom
25:58 Bow Saw
30:01 Imperial Age
28:02 Scale Mail Armor
27:27 Long Swordsman
28:09 Squires
28:51 Anarchy
29:40 Chain Mail Armor
28:47 Elite Skirmisher
29:02 Pikeman
29:55 Fletching
30:38 Heavy Plow
31:23 Conscription
32:25 Perfusion
31:56 Elite Huskarl
33:09 Forging
32:57 Bodkin Arrow
33:22 Stone Mining
33:55 Caravan
33:43 Two-Handed Swordsman
33:46 Halberdier
35:21 Champion
38:17 Iron Casting
40:49 Blast Furnace
39:50 Bracer
40:29 Hand Cart
41:22 Two-Man Saw
快乐的小跑
4:30 Loom
9:59 Feudal Age
15:27 Castle Age
14:56 Horse Collar
15:03 Double-Bit Axe
16:43 Wheelbarrow
24:25 Bow Saw
30:33 Imperial Age
30:12 Chemistry
29:08 Fletching
29:22 Scale Mail Armor
29:22 Padded Archer Armor
29:58 Loom
30:48 Wheelbarrow
32:02 Bodkin Arrow
34:40 Bracer
36:25 Leather Archer Armor
36:37 Houfnice
37:47 Wagenburg Tactics
42:16 Ring Archer Armor
42:02 Chain Mail Armor
44:37 Caravan
48:51 Plate Mail Armor
48:28 Scale Barding Armor
6691205
12:13 Feudal Age
13:13 Double-Bit Axe
16:24 Castle Age
16:18 Wheelbarrow
19:22 Loom
20:59 Bow Saw
22:57 Horse Collar
25:34 Hand Cart
26:18 Fletching
26:29 Scale Mail Armor
26:59 Town Watch
27:29 Gold Mining
31:01 Imperial Age
28:45 Treadmill Crane
29:21 Town Patrol
30:12 Gold Shaft Mining
29:52 Fortified Wall
30:06 Ballistics
29:58 Fortified Wall
30:51 Chain Mail Armor
30:33 Bodkin Arrow
30:47 Stone Mining
32:55 Chemistry
32:19 Conscription
32:31 Plate Mail Armor
32:12 Forging
32:22 Bracer
33:45 Two-Man Saw
33:19 Squires
33:18 Elite Fire Lancer
34:06 Murder Holes
35:01 Iron Casting
34:35 Eupseong
39:35 Shinkichon
39:09 Elite War Wagon
42:46 Guilds
44:22 Thumb Ring
44:00 Elite Skirmisher
46:19 Arson
49:14 Masonry
48:51 Arrowslits
49:21 Masonry
Rodorm
10:39 Feudal Age
11:36 Double-Bit Axe
16:47 Castle Age
16:09 Horse Collar
19:25 Bow Saw
19:16 Heavy Plow
19:10 Gold Mining
20:05 Stone Mining
21:46 Stone Shaft Mining
25:58 Forging
26:50 Ballistics
26:50 Fortified Wall
26:34 Elite Skirmisher
28:02 Pikeman
28:42 Squires
34:24 Imperial Age
32:32 Wheelbarrow
31:46 Loom
31:46 Town Watch
31:53 Gambesons
34:26 Halberdier
34:36 Elite Teutonic Knight
35:37 Conscription
38:13 Chemistry
37:10 Fletching
37:55 Iron Casting
38:09 Capped Ram
40:03 Crenellations
39:17 Man-at-Arms
41:24 Crossbowman
41:40 Long Swordsman
42:24 Caravan
43:17 Two-Handed Swordsman
49:06 Hand Cart
Arno l'architecte
4:37 Loom
12:18 Feudal Age
18:55 Castle Age
17:26 Horse Collar
17:47 Double-Bit Axe
17:59 Stone Mining
18:01 Gold Mining
22:54 Heavy Plow
23:05 Bow Saw
25:49 Heavy Plow
26:00 Bow Saw
26:28 Gold Shaft Mining
30:19 Fortified Wall
30:30 Ballistics
32:35 Wheelbarrow
32:26 Murder Holes
32:25 Fletching
32:35 Padded Archer Armor
32:42 Nomads
34:24 Hand Cart
35:13 Leather Archer Armor
34:54 Bodkin Arrow
35:05 Scale Barding Armor
37:50 Imperial Age
35:44 Masonry
35:49 Forging
35:39 Scale Mail Armor
38:20 Pikeman
39:01 Squires
38:46 Arson
39:26 Conscription
38:27 Elite Mangudai
39:10 Bracer
39:31 Chain Barding Armor
39:26 Chain Mail Armor
39:47 Iron Casting
40:15 Chemistry
39:21 Siege Engineers
48:34 Blast Furnace
48:05 Plate Mail Armor
Zodiac
9:30 Feudal Age
12:37 Double-Bit Axe
12:56 Horse Collar
16:59 Castle Age
16:27 Stone Mining
16:31 Gold Mining
19:12 Bow Saw
19:05 Heavy Plow
19:09 Fletching
19:21 Padded Archer Armor
25:28 Bodkin Arrow
25:49 Leather Archer Armor
27:28 Wheelbarrow
26:39 Town Watch
26:40 Loom
28:50 Hand Cart
29:24 Caravan
30:10 Stone Shaft Mining
29:45 Town Patrol
30:02 Thumb Ring
30:36 Fortified Wall
35:29 Imperial Age
34:55 Scale Barding Armor
35:13 Ballistics
34:49 Murder Holes
35:04 Masonry
34:47 Guard Tower
36:15 Bloodlines
36:05 Husbandry
35:32 Heavy Mounted Crossbowman
36:25 Bracer
36:55 Ring Archer Armor
38:28 Conscription
39:52 Chemistry
812508893
10:35 Feudal Age
12:08 Double-Bit Axe
14:45 Castle Age
14:30 Horse Collar
16:31 Bow Saw
20:00 Heavy Plow
23:40 Wheelbarrow
23:01 Gold Mining
23:34 Stone Mining
24:20 Gold Shaft Mining
24:45 Hand Cart
27:30 Stone Shaft Mining
31:09 Imperial Age
28:48 Loom
28:49 Town Watch
30:37 Forging
30:32 Scale Barding Armor
30:20 Fletching
30:40 Caravan
31:14 Arson
31:29 Squires
30:51 Pikeman
31:34 Nomads
32:53 Iron Casting
32:38 Chain Barding Armor
31:47 Elite Steppe Lancer
32:28 Husbandry
32:42 Bloodlines
33:27 Heavy Camel Rider
35:17 Blast Furnace
34:12 Bodkin Arrow
35:49 Conscription
36:41 Bodkin Arrow
36:48 Scale Mail Armor
36:48 Padded Archer Armor
39:13 Bracer
39:31 Town Patrol
39:41 Man-at-Arms
40:18 Elite Mangudai
41:10 Thumb Ring
41:25 Leather Archer Armor
40:53 Long Swordsman
41:39 Two-Handed Swordsman
46:11 Champion
Connection lost

Rejoining the realm…

Still unreachable

The connection could not be restored.

Session expired

The server has moved on; the page needs a fresh start.